Map: Heavy Rain LE

Players

Rob

  • Race: Protoss Protoss
  • League: Grandmaster
  • Spawn Location: 5:00

Jason - Winner!

  • Race: Terran Terran
  • League: Grandmaster
  • Spawn Location: 11:00

VOD

Have the link to the VOD?

Description

Time

  • Played on: May 14, 2019, 4:17 p.m.
  • Length: 7:43
Show
View Real Time Build Order
Export as new Build Order

Rob Protoss 

Build Orders: 1 Gate Expand, Blink Stalkers 

Get SALT Encoding   

  12  0:00  Probe  
  13  0:12  Probe  
  14  0:18  Pylon  
  14  0:24  Probe  
  15  0:32  Probe  
  15  0:37  Gateway  
  15  0:40  Probe  
  16  0:47  Assimilator  
  17  0:51  Probe  
  18  1:02  Probe  
  19  1:10  Probe  
  19  1:18  Probe  
  20  1:24  Cybernetics Core  
  20  1:38  Nexus  
  20  1:44  Pylon  
  20  1:48  Probe  
  20  1:52  Assimilator, Adept  
  23  2:02  Warp Gate  
  23  2:06  Probe  
  24  2:18  Probe  
  24  2:20  Adept  
  27  2:30  Probe  
  28  2:44  Probe  
  28  2:48  Stalker  
  29  2:56  Probe  
  32  3:00  Probe, Twilight Council  
  33  3:08  Probe  
  33  3:12  Probe  
  35  3:16  Gateway  
  35  3:18  Gateway  
  35  3:24  Probe  
  35  3:25  Probe  
  37  3:32  Pylon  
  37  3:34  Shield Battery  
  37  3:36  Probe  
  37  3:37  Blink  
  37  3:40  Probe  
  39  3:47  Gateway  
  39  3:48  Probe  
  40  3:54  Stalker  
  40  3:55  Probe  
  43  4:00  Probe  
  44  4:09  Gateway  
  44  4:11  Sentry  
  44  4:16  Pylon  
  46  4:18  Pylon  
  46  4:35  Stalker  
  44  4:41  Stalker  
  44  4:42  Stalker x2  
  40  4:49  Probe x2  
  41  5:00  Stalker  
  41  5:06  Adept  
  46  5:18  Stalker  
  47  5:24  Probe  
  48  5:33  Probe  
  45  5:36  Probe  
  45  5:41  Stalker x2  
  50  5:48  Probe x2  
  52  5:53  Stalker  
  54  6:00  Probe  
  55  6:05  Probe  
  56  6:12  Probe  
  56  6:15  Probe  
  56  6:20  Stalker  
  56  6:21  Stalker x2  
  62  6:28  Pylon  
  62  6:31  Pylon  
  62  6:46  Probe x2  
  64  6:58  Probe x2  
  60  7:10  Probe x2  
  60  7:20  Stalker x4  
  60  7:21  Zealot  
  66  7:26  Gateway  
  66  7:28  Probe x2, Gateway  
Show
View Real Time Build Order
Export as new Build Order

Jason Terran - Winner!

Build Orders: Gas First Reaper Expand 

Get SALT Encoding   

  12  0:00  SCV  
  13  0:12  SCV  
  14  0:18  Supply Depot  
  14  0:25  SCV  
  15  0:30  Refinery  
  15  0:40  SCV  
  16  0:47  Barracks  
  16  0:52  SCV  
  17  1:04  SCV  
  18  1:16  SCV  
  19  1:34  Reaper, Orbital Command  
  20  1:51  Command Center  
  20  2:00  SCV  
  21  2:07  Factory  
  21  2:09  Barracks Reactor  
  21  2:13  SCV  
  22  2:19  Supply Depot  
  22  2:25  SCV  
  22  2:27  Refinery  
  23  2:40  SCV  
  24  2:53  SCV  
  24  2:57  Starport, Barracks Tech Lab  
  25  2:59  Hellion  
  25  3:00  Hellion  
  25  3:05  SCV  
  30  3:21  Hellion  
  30  3:22  Hellion  
  34  3:30  SCV  
  34  3:33  Medivac  
  37  3:35  Orbital Command  
  37  3:42  SCV  
  37  3:43  Supply Depot  
  37  3:48  Engineering Bay  
  38  3:51  Marine x2  
  38  3:54  SCV  
  41  3:58  Siege Tank  
  44  4:07  SCV  
  44  4:09  Marine x2  
  47  4:12  Viking  
  49  4:18  SCV  
  49  4:19  SCV  
  51  4:31  SCV  
  52  4:41  Siege Tank  
  52  4:45  SCV  
  52  4:48  Marine x2  
  52  4:52  Supply Depot  
  54  4:55  SCV, Missile Turret  
  54  4:57  Bunker  
  54  4:58  Viking  
  57  5:02  SCV  
  58  5:07  SCV  
  58  5:08  Marine x2  
  60  5:15  SCV  
  60  5:16  Siege Tank  
  64  5:24  SCV  
  64  5:27  SCV  
  58  5:36  SCV  
  58  5:37  Marine x2  
  58  5:38  Viking  
  58  5:41  SCV  
  64  5:53  SCV, Barracks  
  64  5:55  Barracks  
  63  6:00  SCV  
  63  6:07  Factory Reactor  
  60  6:15  Marine  
  58  6:18  SCV  
  58  6:20  Starport Reactor  
  58  6:21  SCV  
  58  6:24  Refinery  
  58  6:25  Supply Depot  
  60  6:26  Supply Depot  
  60  6:31  SCV  
  61  6:32  Marine  
  61  6:33  SCV  
  63  6:43  SCV  
  63  6:44  Widow Mine x2  
  68  6:47  SCV  
  68  6:49  Supply Depot  
  68  6:50  Marine  
  68  6:51  Marauder, Marine  
  72  7:02  SCV x2  
  72  7:06  Widow Mine x2  
  77  7:08  Marine  
  77  7:12  Marauder  
  80  7:19  SCV  
  80  7:20  Marine  
  84  7:25  SCV  
  86  7:40  Supply Depot  
  86  7:43  Supply Depot  
Tags
 
Add a new tag
Caveats
  • Supply blocks, unpowered buildings, or Contaminate may cause inaccurate times.
  • Supply counts are checked every 10 seconds.